 Dungeon Crawl Stone Soup version 0.01-2115-ge649c80b0b (webtiles) character file.

Game seed: 14953433799383342940, levelgen mode: deterministic

121291 Lanoc the Warrior (level 16, 0/193 HPs) Golden Draconian Demigod. Began on June 5, 2020. Slain by a shambling mangrove (10 damage) ... on level 3 of the Swamp. The game lasted 01:35:41 (20275 turns).

Lanoc the Warrior (Golden Draconian Demigod)       Turns: 20275, Time: 01:35:42

Health: 0/193      AC: 19    Str: 24    XL:     16 ^: 42356
Magic:  10/24      EV: 19    Int: 17    God:
Gold:   3131       SH:  3    Dex: 25    Spells: 11/20 levels left

rFire    + . .     Vision   +   i - +8 dagger of Enoacurch {molten, rC+++ MR- Str-2 +Vis}
rCold    + + +     Gourm    .   G - +6 staff "Etaosaf" {shield, tMut; rElec rC+ Str+4 Dex+4}
rNeg     . . .     Faith    .   (armour unavailable)
rPois    +         Spirit   .   K - +1 hat
rElec    +         Reflect  .   s - +2 cloak {MR+}
rCorr    .         Harm     .   (no gloves)
MR       +....     Clarity  +   (no boots)
Stlth    +++.......             I - amulet of regeneration
HPRegen  1.14/turn              h - ring of strength
MPRegen  0.34/turn              D - ring of protection

@: short of breath, grasped by roots, studying Bows, very slow
A: no body armour, unfitting armour, clarity, cold resistance 1, high mp 2,
robust 1, cold-blooded, boosted whips and flails aptitude, strongly boosted long
blades aptitude, boosted stealth aptitude, fire, ice and poison enhancers 2,
rF+, rC+, rPois, AC +10
a: Breathe Fire, Breathe Frost, Breathe Noxious Fumes


You were on level 3 of the Swamp.
You were very hungry.

You visited 5 branches of the dungeon, and saw 20 of its levels.
You also visited: Gauntlet.

You collected 3215 gold pieces.
You spent 84 gold pieces at shops.

Inventory:

Weapons
 i - the +8 dagger of Enoacurch (weapon) {molten, rC+++ MR- Str-2 +Vis}
   (You found it on level 2 of the Lair of Beasts)

   Its malleable surface is completely molten, allowing it to meld around and
   partially ignore armour.
   Causes less base damage than a standard weapon; but partially ignores enemy's
   defense and burns causing additional damage to those that don't resist heat.
   It affects your strength (-2).
   It renders you almost immune to cold.
   It affects your resistance to hostile enchantments.
   It improves your vision.
 p - a +2 quarterstaff of chaos
 O - a +2 longbow of molten steel
 P - the cursed +9 scimitar of Valour {antimagic, rC+ Dex+3 Stlth+, (Curse: Harm *Drain)}
   (You found it in a Gauntlet)

   It reduces the magical energy of the wielder, and disrupts the spells and
   magical abilities of those hit.
   Natural abilities and divine invocations are not affected.
   It affects your dexterity (+3).
   It protects you from cold.
   It makes you more stealthy.
   It has a curse placed upon it.
   { (Curse: Harm *Drain)}
 Q - the +3 shortbow of Twilight {freeze, rN+}
   (You took it off a minotaur in a Gauntlet)

   It causes projectiles fired from it to freeze those they strike, causing
   extra injury to most foes and up to half again as much damage against
   particularly susceptible opponents.
   They can also slow down cold-blooded creatures.
   It protects you from negative energy.
Armour
 s - a +2 cloak of magic resistance (worn)
 K - a +1 hat (worn)
Magical Staves
 G - the +6 staff "Etaosaf" (weapon) {shield, tMut; rElec rC+ Str+4 Dex+4}
   (You found it on level 6 of the Lair of Beasts)

   [staff of transmutation]

   Base accuracy: +5 Base damage: 5 Base attack delay: 1.2 This weapon's minimum
   attack delay (0.6) is reached at skill level 12.
   Dual wielding stats based on both currently wielded weapons.
   Base dual wielding attack delay: 2.2 This combinations's minimum attack delay
   (0.6) is reached with both weapon's skills, 15 (Short Blades) and 18 (Maces &
   Staves).
   Exudes a magical forcefield from the head of the staff; granting some measure
   of shielding for the wielder.
   The strength of the forcefield depends on the wielder's skill in the staff's
   primary element and charms.
   Additional increases the spellpower of charms spells.
   It falls into the 'Staves' category.
   It is one handed.
   Its enchantment grants additive spellpower to the spells it enhances.
Jewellery
 h - a ring of strength (left hand)
 l - an uncursed ring of dexterity
 D - a ring of protection (right hand)
 I - an amulet of regeneration (around neck)
 S - an uncursed ring of evasion
Wands
 b - a wand of polymorph (16)
 m - a wand of random effects (8)
 x - a wand of disintegration (26)
 A - a wand of hasting (10)
 C - a wand of enslavement (9)
 H - a wand of flame (14)
 J - a wand of acid (4)
 U - a wand of ensnaring (10)
Scrolls
 a - a scroll of holy word
 d - a scroll of blinking
 e - 9 scrolls of enchantment
 j - 2 scrolls of immolation
 k - 8 scrolls of amnesia
 o - a scroll of silence
 r - 3 scrolls of teleportation
 u - 5 scrolls of fog
 y - 3 scrolls of bless item
 N - a scroll of summoning
 R - a scroll of magic mapping
Potions
 f - 3 potions of curing
 g - 3 potions of cancellation
 q - a potion of mutation
 v - 4 potions of agility
 B - 2 potions of ambrosia
 E - 4 potions of haste
 F - a potion of resistance
 L - a potion of brilliance
 M - 2 potions of lignification
 T - a potion of invisibility
Books
 w - a manual of Bows
Miscellaneous
 z - a box of beasts
Comestibles
 c - 29 rations
 n - a chunk of flesh


   Skills:
 + Level 19.4 Fighting
 - Level 2.6 Long Blades
 + Level 14.6 Dodging
 - Level 2.0 Stealth
 - Level 2.6 Spellcasting
 + Level 13.9 Fire Magic


You had 11 spell levels left.
You knew the following spells:

 Your Spells              Type           Power        Failure   Level  Hunger
a - Flame Tongue          Fire           40 (40)      1%          1    #......
b - Foxfire               Fire           25 (25)      1%          1    #......
c - Searing Ray           Fire           50 (50)      1%          2    ##.....
d - Fireball              Fire           84 (200)     1%          5    ######.

Your spell library contained the following spells:

 Spells                   Type           Power        Failure   Level  Hunger
 Conjure Flame            Fire           84 (100)     1%          3    ###....
 Inner Flame              Hex/Fire       55 (100)     3%          3    ###....
 Sticky Flame             Fire/Pois      55 (100)     11%         4    #####..
 Summon Butterflies       Summ           2 (100)      19%         1    #......
 Blink                    Tloc           N/A          26%         2    ##.....
 Call Imp                 Summ           2 (100)      26%         2    ##.....
 Slow                     Hex            2 (100)      26%         2    ##.....
 Bolt of Magma            Fire/Erth      55 (200)     28%         5    ######.
 Apportation              Tloc           2 (50)       47%         3    ###....
 Call Canine Familiar     Summ           2 (100)      47%         3    ###....
 Mephitic Cloud           Pois/Air       5 (100)      47%         3    ###....
 Portal Projectile        Chrm/Tloc      21 (50)      47%         3    ###....
 Tukima's Dance           Hex            2 (100)      47%         3    ###....
 Leda's Liquefaction      Tmut/Erth      21 (200)     87%         4    #####..
 Muse Oam's Air Blast     Tloc/Air       2 (100)      87%         4    #####..
 Summon Ice Beast         Ice/Summ       5 (100)      87%         4    #####..
 Silence                  Hex/Air        2 (200)      99%         5    ######.
 Summon Lightning Spire   Summ/Air       2 (100)      99%         5    ######.
 Summon Mana Viper        Summ/Pois      5 (100)      99%         5    ######.
 Conjure Ball Lightning   Air            2 (200)      100%        6    #######
 Deflect Missiles         Chrm/Air       21 (200)     100%        6    #######
 Dispersal                Tloc           2 (200)      100%        6    #######
 Invisibility             Chrm           21 (100)     100%        6    #######
 Iron Shot                Erth           2 (200)      100%        6    #######
 Statue Form              Tmut/Erth      21 (150)     100%        6    #######
 Tunneling                Erth           2 (200)      100%        6    #######
 Summon Hydra             Summ           2 (200)      100%        7    #######
 Controlled Blink         Tloc           N/A          100%        8    #######
 Disjunction              Tloc           2 (200)      100%        8    #######
 Shatter                  Erth           2 (200)      100%        9    #######
 Tornado                  Air            2 (200)      100%        9    #######


Dungeon Overview and Level Annotations

Branches:
Dungeon (8/8)                Lair (6/6) D:5           Swamp (3/4) Lair:2
  Snake (0/4) Lair:2        Slime (0/5) Lair:6          Orc (2/2) D:6
    Elf (1/3) Orc:2        Vaults (0/5) D:7          Depths (0/5) D:8
Gauntlet (visited)
 Temple: D:4

Shops:
D:6 [   Orc:2 (=?

Annotations:
Lair:3 1 runed translucent door, exclusion: 2 oklob plants, Dikli's ghost, journeyman MiBe
Swamp:3 exclusion: oklob plant


Innate Abilities, Weirdness & Mutations

You cannot fit into any form of body armour.
Your imposing gold scales are hard. (AC +10)
You can breathe your choice of flames, frost or noxious fumes.
You have a considerably increased reservoir of magic. (+20% MP)
You are cold-blooded and may be slowed by cold attacks.
You are naturally skilled at Whips & Flails (Aptitude +3).
You are naturally adept at Long Blades (Aptitude +5).
You are naturally skilled at Stealth (Aptitude +3).
You are strongly in touch with the powers of fire, ice and venom.
Your imposing gold scales grant you resistance to fire, cold and poison. (rF+, rC+, rPois)
You possess an exceptional clarity of mind.
You are cold resistant. (rC+)
You are robust. (+10% HP)


Message History

You are starving!
You hear a roar!
You hear a horrible gurgling sound!
The shambling mangrove is engulfed in a cloud of scalding steam.
Angry insects surge out from beneath the shambling mangrove's foliage!
The shambling mangrove hits you (20)!!
* * * LOW HITPOINT WARNING * * *
Unknown command.
You eat one of the 2 chunks of flesh.
This raw flesh tastes terrible.
You are feeling very hungry.
The shambling mangrove hits you (20)!!
* * * LOW HITPOINT WARNING * * *
The hornet closely misses you (0).
A hornet comes into view.
The hornet buzzes angrily.
The shambling mangrove is engulfed in a cloud of scalding steam.
The shambling mangrove hits you (17)!
* * * LOW HITPOINT WARNING * * *
The hornet is engulfed in a cloud of scalding steam.
The shambling mangrove hits you (10)!
You die...

♣♣♣♣..♣♣....≈
♣♣≈...≈..≈.≈≈ ♣♣
♣♣..≈≈...≈≈≈≈≈
♣♣♣♣♣♣♣♣♣♣♣.....≈≈≈≈f≈
.≈♣♣≈♣♣♣♣♣≈≈≈..≈≈≈≈.[.
....≈≈.≈♣.≈....≈≈≈$..)
.≈≈≈≈≈≈≈≈≈....≈≈...[?^
≈≈≈≈≈≈≈≈≈.≈≈..≈≈≈$.$..
.≈≈≈≈≈.@y≈≈....≈≈P.[..
.≈≈§≈...f§§...≈≈≈≈....
.≈≈≈§♣♣§y≈≈≈...≈≈♣.$..
♣≈..♣♣♣≈§§≈≈§..≈≈♣♣..≈
♣♣. ♣♣≈.≈≈..≈≈.≈.♣ ♣≈
≈♣ ♣♣...♣♣.♣.....♣♣≈≈.
. ♣♣.≈.§♣♣♣.≈.≈....≈≈
♣≈...♣♣.≈♣........
..≈...


You could see a shambling mangrove and 2 hornets.

Vanquished Creatures
  Circe (Lair:3)
  3 thorn hunters
  An orc warlord (Orc:2)
  An emperor scorpion (Swamp:1)
  An ironheart preserver (D:7)
  A minotaur (Gauntlet)
  An ettin (D:8)
  2 ghost crabs (Swamp:2)
  2 catoblepae
  2 shambling mangroves
  A death knight (D:6)
  7 hydras
  10 two-headed ogres
  17 alligators
  3 death yaks (Lair:6)
  2 tengu warriors
  5 orc high priests (Orc:2)
  Urug (Lair:6)
  5 swamp dragons
  A deep troll (D:8)
  A sixfirhy (Orc:2)
  2 centaur warriors
  A spriggan druid (Swamp:3)
  5 ugly things
  2 glowing orange brains
  8 orc knights
  An oklob plant (Lair:1)
  12 tyrant leeches
  2 orc sorcerers (Orc:2)
  5 deep elf magi
  A manticore (D:7)
  A moth of wrath (Gauntlet)
  7 black mambas
  An ice statue (Gauntlet)
  8 elephants
  2 gargoyles
  A freezing wraith (D:7)
  14 spiny frogs
  5 trolls
  A kobold demonologist (D:5)
  An efreet (D:6)
  6 komodo dragons
  A yaktaur (D:8)
  5 bog bodies
  Psyche (D:5)
  A merfolk (D:8)
  A polar bear (Lair:6)
  5 meliai
  15 hornets
  10 blink frogs
  3 cyclopes
  7 slime creatures
  5 hippogriffs
  3 steam dragons
  10 spriggans
  28 yaks
  An air elemental (Elf:1)
  A wyvern (Lair:2)
  Eustachio (D:2)
  2 basilisks
  16 vampire mosquitoes
  22 swamp worms
  5 wargs
  21 insubstantial wisps
  A phantom (D:3)
  11 water moccasins
  2 necrophages (D:8)
  10 porcupines
  6 swamp drakes (Swamp:1)
  2 sky beasts (D:5)
  An ice beast (D:6)
  56 orc warriors
  3 black bears
  18 ogres
  27 wolves
  18 crocodiles
  18 big kobolds
  A meliai zombie (D:7)
  18 bullfrogs
  A centaur (D:7)
  6 harpy skeletons (D:7)
  A howler monkey (D:5)
  2 scorpions
  26 killer bees
  13 wights
  8 electric eels (Lair:4)
  A crimson imp (D:3)
  2 jellies
  Crazy Yiuf (D:3)
  27 orc priests
  5 hounds
  2 mummies
  14 orc wizards
  3 worker ants
  A wyvern zombie (D:6)
  A wyvern skeleton (D:7)
  A bullfrog zombie (D:6)
  3 bullfrog skeletons
  16 adders
  16 sewer rats (D:2)
  6 cinder newts
  A worm (D:2)
  2 howler monkey skeletons (D:4)
  3 oozes
  3 dart slugs
  4 leopard geckos (D:2)
  92 orcs
  An adder skeleton (D:5)
  6 ball pythons
  6 bats
  2 giant cockroaches
  3 goblins (D:1)
  10 hobgoblins
  4 jackals (D:5)
  2 quokkas (D:5)
  2 bat skeletons (D:2)
  16 kobolds
  A kobold skeleton (D:2)
  A quokka skeleton (D:2)
  5 rats
  A rat skeleton (D:2)
  A butterfly (D:5)
  A fungus (D:3)
  A plant (Lair:6)
834 creatures vanquished.

Vanquished Creatures (collateral kills)
  A porcupine (D:5)
  A howler monkey (D:5)
  A killer bee (Lair:2)
  An orc (D:5)
4 creatures vanquished.

Vanquished Creatures (others)
  A shambling mangrove (Swamp:2)
  An orc sorcerer (Orc:2)
  A rime drake (Gauntlet)
  A komodo dragon (Lair:2)
  A queen bee (Lair:2)
  2 hornets (Swamp:2)
  3 spriggans (Swamp:2)
  A yak (Lair:1)
  An insubstantial wisp (Swamp:2)
  A wolf (Lair:1)
  2 killer bees (Lair:2)
  A wight (D:8)
  An electric eel (Lair:4)
  A sewer rat (D:2)
  An orc (Orc:1)
  3 briar patches (Swamp:2)
  100 foxfires
  12 fungi
  11 plants
145 creatures vanquished.

Grand Total: 983 creatures vanquished

Notes
Turn   | Place    | Note
-------+----------+-------------------------------------------
     0 | D:1      | Lanoc the Immature Draconian Demigod began the quest for
                  | the Orb.
     0 | D:1      | Reached XP level 1. HP: 20/20 MP: 4/4
     3 | D:1      | Noticed an electric eel
     3 | D:1      | Noticed an electric eel
   175 | D:1      | Reached XP level 2. HP: 27/27 MP: 6/6
   182 | D:1      | Reached skill level 3 in Fighting
   256 | D:1      | Gained mutation: You have a considerably increased
                  | reservoir of magic. (+20% MP) [potion of mutation]
   256 | D:1      | Gained mutation: You are robust. (+10% HP) [potion of
                  | mutation]
   256 | D:1      | Gained mutation: You possess an exceptional clarity of
                  | mind. [potion of mutation]
   256 | D:1      | Gained mutation: You are cold resistant. (rC+) [potion of
                  | mutation]
   481 | D:1      | Reached XP level 3. HP: 31/37 MP: 6/8
   582 | D:2      | Reached XP level 4. HP: 41/48 MP: 2/9
   619 | D:2      | Reached skill level 4 in Fighting
   687 | D:2      | Reached XP level 5. HP: 54/56 MP: 4/10
   792 | D:2      | Reached skill level 5 in Fighting
   973 | D:2      | Reached XP level 6. HP: 57/67 MP: 3/12
  1071 | D:2      | Noticed Eustachio
  1105 | D:2      | Killed Eustachio
  1105 | D:2      | Reached skill level 6 in Fighting
  1260 | D:2      | Your scales start taking on an imposing gold colour.
  1260 | D:2      | Reached XP level 7. HP: 71/75 MP: 4/13
  1260 | D:2      | Gained mutation: Your imposing gold scales grant you
                  | resistance to fire, cold and poison. (rF+, rC+, rPois)
                  | [Golden Draconian growth]
  1260 | D:2      | Gained mutation: You are strongly in touch with the powers
                  | of fire, ice and venom. [Golden Draconian growth]
  1354 | D:2      | Found a bloodstained altar of Trog.
  2125 | D:3      | Reached skill level 5 in Dodging
  2173 | D:3      | Reached skill level 7 in Fighting
  2334 | D:3      | Reached XP level 8. HP: 88/88 MP: 14/14
  2977 | D:3      | Found a runed translucent door.
  2979 | D:3      | Noticed Crazy Yiuf
  2991 | D:3      | Killed Crazy Yiuf
  3051 | D:4      | Reached skill level 8 in Fighting
  3079 | D:5      | Entered Level 5 of the Dungeon
  3194 | D:5      | Noticed a troll
  3201 | D:5      | Killed a troll
  3255 | D:5      | Noticed Psyche
  3257 | D:5      | Killed Psyche
  3257 | D:5      | Reached skill level 9 in Fighting
  3392 | D:5      | Reached XP level 9. HP: 59/101 MP: 9/15
  3432 | D:5      | Reached skill level 10 in Fighting
  3446 | D:5      | Noticed a kobold demonologist
  3488 | D:5      | Killed a kobold demonologist
  3531 | D:5      | Reached skill level 11 in Fighting
  3696 | D:5      | Gained mutation: You are naturally skilled at Whips &
                  | Flails (Aptitude +3). [draconic bloodline]
  3696 | D:5      | Reached XP level 10. HP: 101/115 MP: 16/16
  3776 | D:5      | Found a staircase to the Lair.
  3822 | D:5      | Found a shattered altar of Ashenzari.
  3837 | D:5      | Found a glowing golden altar of the Shining One.
  3837 | D:5      | Found a sparkling altar of Nemelex Xobeh.
  3840 | D:5      | Found an ancient bone altar of Kikubaaqudgha.
  3844 | D:5      | Found a stormy altar of Qazlal.
  3954 | Lair:1   | Entered Level 1 of the Lair of Beasts
  4074 | Lair:1   | Noticed an oklob plant
  4104 | Lair:1   | Noticed an eight-headed hydra
  4108 | Lair:1   | Killed an eight-headed hydra
  4108 | Lair:1   | Reached skill level 12 in Fighting
  4320 | Lair:1   | Identified 3 scrolls of acquirement
  4368 | Lair:1   | Identified the -1 hat of Jocebry {*Corrode rN+ MR++ Str+2
                  | Int-4} (You acquired it on level 1 of the Lair of Beasts)
  4369 | Lair:1   | Identified the -2 pair of boots of the Voivode {*Slow rN+
                  | Int+2} (You acquired it on level 1 of the Lair of Beasts)
  4517 | Lair:1   | Reached XP level 11. HP: 127/127 MP: 18/18
  4771 | Lair:1   | Reached skill level 13 in Fighting
  4784 | Lair:1   | Learned a level 1 spell: Foxfire
  4869 | Lair:2   | HP: 4/192 [entropic burst (21)]
  4999 | Lair:2   | Found a staircase to the Swamp.
  5043 | Lair:2   | Found a staircase to the Snake Pit.
  5068 | Lair:2   | Reached skill level 10 in Dodging
  5230 | Lair:2   | Reached skill level 14 in Fighting
  5779 | Lair:2   | Identified the +8 dagger of Enoacurch {molten, rC+++ MR-
                  | Str-2 +Vis}
  5998 | Lair:3   | Gained mutation: You are naturally skilled at Stealth
                  | (Aptitude +3). [draconic bloodline]
  5998 | Lair:3   | Reached XP level 12. HP: 88/141 MP: 16/19
  6109 | Lair:3   | Found a runed translucent door.
  6111 | Lair:3   | Found a shimmering altar of Xom.
  6111 | Lair:3   | Noticed Dikli's ghost (journeyman MiBe)
  6112 | Lair:3   | Noticed a morningstar of chaos
  6153 | Lair:3   | Identified the cursed +3 whip of Miysmim {molten, Str+3,
                  | (Curse: rC-)}
  6261 | Lair:3   | Noticed a six-headed hydra
  6275 | Lair:3   | Killed a six-headed hydra
  6275 | Lair:3   | Reached skill level 15 in Fighting
  6437 | Lair:3   | Reached skill level 1 in Fire Magic
  7106 | Lair:4   | Noticed Circe
  7128 | Lair:3   | Killed Circe
  7402 | Lair:4   | Reached skill level 5 in Fire Magic
  8184 | Lair:5   | Noticed a six-headed hydra
  8248 | Lair:5   | Noticed a seven-headed hydra
  8262 | Lair:5   | Killed a seven-headed hydra
  8305 | Lair:5   | Killed a six-headed hydra
  8347 | Lair:5   | Gained mutation: You are strongly in touch with the powers
                  | of fire, ice and venom. [Golden Draconian growth]
  8347 | Lair:5   | Reached XP level 13. HP: 115/154 MP: 20/20
  8532 | Lair:5   | Reached skill level 16 in Fighting
  8966 | Lair:6   | Entered Level 6 of the Lair of Beasts
  8999 | Lair:6   | Noticed Urug
  9036 | Lair:6   | Killed Urug
  9081 | Lair:6   | Identified the cursed +1 falchion of the Imperium {protect,
                  | rC+ Str+4 Int+5, (Curse: *Slow)}
  9641 | Lair:6   | HP: 7/156 [cloud of flame (8)]
 10078 | Lair:6   | Found a staircase to the Slime Pits.
 10253 | Lair:6   | Learned a level 2 spell: Searing Ray
 10259 | Lair:6   | Learned a level 5 spell: Fireball
 10262 | Lair:6   | Identified the +6 staff "Etaosaf" {shield, tMut; rElec rC+
                  | Str+4 Dex+4}
 11177 | D:6      | Found Egaw Bia's Antique Armour Shoppe.
 11352 | D:6      | Found an opulent altar of Gozag.
 11353 | D:6      | Found a glowing silver altar of Zin.
 11823 | D:6      | Found a staircase to the Orcish Mines.
 12421 | D:7      | Found a gate to the Vaults.
 12421 | D:7      | Noticed an ironheart preserver
 12486 | D:7      | Killed an ironheart preserver
 12486 | D:7      | Gained mutation: You are naturally skilled at Long Blades
                  | (Aptitude +3). [draconic bloodline]
 12486 | D:7      | Reached XP level 14. HP: 115/166 MP: 21/21
 12547 | D:7      | Reached skill level 17 in Fighting
 13039 | D:8      | Entered Level 8 of the Dungeon
 13043 | D:8      | Found a gate leading to a gauntlet.
 13070 | Gauntlet | Entered a Gauntlet
 13070 | Gauntlet | Found a transporter.
 13073 | Gauntlet | Found a transporter.
 13075 | Gauntlet | Found a transporter.
 13083 | Gauntlet | Found a runed translucent gate.
 13084 | Gauntlet | Found a runed translucent gate.
 13084 | Gauntlet | Found a transporter.
 13085 | Gauntlet | Identified the cursed ring of Ru's Hope {rF+ +Vis Stlth-,
                  | (Curse: *Drain rC-)}
 13088 | Gauntlet | Found a transporter.
 13094 | Gauntlet | Found a transporter.
 13095 | Gauntlet | Identified the cursed +9 scimitar of Valour {antimagic, rC+
                  | Dex+3 Stlth+, (Curse: Harm *Drain)}
 13097 | Gauntlet | Identified the +0 helmet "Beyjak" {*Drain rN+ Dex+4}
 13111 | Gauntlet | Found a transporter.
 13121 | Gauntlet | Found a transporter.
 13124 | Gauntlet | Identified the cursed +3 hat of Cocytus {rElec, (Curse:
                  | *Tele)}
 13131 | Gauntlet | Found a transporter.
 13136 | Gauntlet | Found a transporter.
 13159 | Gauntlet | Found a transporter.
 13167 | Gauntlet | Found a transporter.
 13230 | Gauntlet | Found a transporter.
 13231 | Gauntlet | Found a transporter.
 13239 | Gauntlet | Found a runed translucent gate.
 13528 | Gauntlet | Identified the +3 shortbow of Twilight {freeze, rN+}
 13559 | Gauntlet | Identified the cursed +1 scutum of Moral Flaws {rN+ Str+2,
                  | (Curse: rC- MR-)}
 13716 | D:8      | Reached skill level 10 in Fire Magic
 13731 | D:8      | Found a hide-covered altar of Uskayaw.
 13732 | D:8      | Noticed Nessos
 13742 | D:8      | Noticed Nessos
 13742 | D:8      | Nessos changed into Nessos the merfolk
 13748 | D:8      | Killed Nessos the merfolk
 13905 | D:8      | Found a staircase to the Depths.
 14577 | D:8      | Found a white marble altar of Elyvilon.
 14799 | Swamp:1  | Entered Level 1 of the Swamp
 14882 | Orc:1    | Entered Level 1 of the Orcish Mines
 15793 | Orc:2    | Entered Level 2 of the Orcish Mines
 16633 | Orc:2    | Found a roughly hewn altar of Beogh.
 16677 | Orc:2    | Reached skill level 18 in Fighting
 16746 | Orc:2    | Found Icef's Magic Scroll Boutique.
 16768 | Orc:2    | Found Yvilifov's Antique Weapon Shop.
 17164 | Orc:2    | Noticed an orc warlord
 17187 | Orc:2    | Killed an orc warlord
 17187 | Orc:2    | Gained mutation: You are naturally adept at Long Blades
                  | (Aptitude +5). [draconic bloodline]
 17187 | Orc:2    | Reached XP level 15. HP: 101/179 MP: 22/22
 17211 | Orc:2    | Found Foolahil's Magic Scroll Emporium.
 17251 | Orc:2    | Bought a scroll of teleportation for 42 gold pieces
 17251 | Orc:2    | Bought a scroll of teleportation for 42 gold pieces
 17314 | Orc:2    | Found a roughly hewn altar of Beogh.
 17471 | Orc:2    | Found Oqudis Ziu's Jewellery Shoppe.
 17597 | Orc:2    | Found a staircase to the Elven Halls.
 17615 | Elf:1    | Entered Level 1 of the Elven Halls
 17639 | Elf:1    | Found a radiant altar of Vehumet.
 17952 | Swamp:1  | HP: 7/180 [spriggan rider/+0 spear (9)]
 17958 | Swamp:1  | HP: 9/180 [spriggan rider/+0 spear (5)]
 18089 | Swamp:1  | Identified the +3 ring mail of the Elven Halls {+Blink rC+
                  | Regen+ Str+4}
 18385 | Swamp:1  | HP: 5/180 [emperor scorpion (10)]
 18991 | Swamp:2  | Identified the cursed +10 glaive "Ryinoc" {chop, Int+4
                  | Dex+4 Stlth+, (Curse: *Corrode)}
 19152 | Swamp:2  | Identified the +1 ring mail of Whack-A-Mole {rF+ rN+}
 19191 | Swamp:2  | Reached skill level 19 in Fighting
 19462 | Swamp:2  | Noticed a thorn hunter
 19483 | Swamp:2  | Killed a thorn hunter
 19483 | Swamp:2  | Reached XP level 16. HP: 159/192 MP: 7/24
 19801 | Swamp:3  | Noticed a tentacled monstrosity
 20275 | Swamp:3  | Slain by a shambling mangrove

Levels and vault maps discovered:
D:1:      arrival_aquarium_b, layout_basic, minmay_misc_feat_enclosed
D:2:      layout_sewer, first_ration, basic_altar, uniq_eustachio
D:3:      layout_loops_corners, grunt_ogre_cave, kennysheep_generic_room_8,
          uniq_crazy_yiuf_cottage
D:4:      ossuary_tomb_3, layout_rooms, lemuel_crystal_altar,
          kennysheep_little_box, minmay_temple_entry_sparse_star,
          lightli_ossuary_entry_decrepit_ruins, uniq_gastronok
D:5:      layout_roguey, minitemple, lair_entry_dummy, special_room
          [special_room_kobold], uniq_psyche
D:6:      layout_loops_corners, grunt_temple_overflow_gold_and_silver,
          orc_0_dummy, serial_shops,
          nicolae_shop_temple_entry_statues_fountains,
          nicolae_straight_to_the_point
D:7:      layout_roguey, skrybe_vaults_entry_preservation, chequers_garden
D:8:      hangedman_depths_entry_civil_slaughter, layout_loops_ring,
          overflow_temple_1_default, basic_altar, serial_undead,
          serial_undead_b, serial_undead_b, serial_undead_c, serial_undead_d,
          serial_undead_a, serial_undead_a, gauntlet_entry_generic,
          hangedman_decor_diamond_cutter, uniq_nessos
Lair:1:   layout_roguey, minmay_lair_oklob_bushes, chequers_serial_rivers_room_b
Lair:2:   layout_roguey, minmay_swamp_entry_wisps,
          minmay_snake_entry_six_corridors, special_room [special_room_bee],
          grunt_megastairs_4
Lair:3:   layout_roguey, ebering_ghost_xom, lemuel_fruit_fields,
          serial_bayou_shore_b, minmay_lair_oklob_chamber
Lair:4:   layout_long_grid, serial_bayou, serial_bayou_lagoon_b,
          serial_bayou_pond_e, serial_bayou_pond_a, serial_bayou_ford_a,
          uniq_circe
Lair:5:   layout_hall_layers, eino_small_chamber_without_monster,
          chequers_serial_rivers_marsh, minivault_24
Lair:6:   grunt_lair_end_beastmaster, layout_small_grid, slime_dummy,
          lemuel_fruit_fields, uniq_urug
Swamp:1:  layout_falls_marsh, nicolae_ossuary_entry_monument
Swamp:2:  layout_basic_swamp, evilmike_swamp_ruin_house_3
Swamp:3:  layout_basic_swamp, evilmike_swamp_ruin_house_2, swamp_pool3,
          nicolae_swamp_oklob_treasure_island, uniq_donald
Orc:1:    cheibrodos_orc_bank, layout_caves
Orc:2:    pubby_orc_utopia
Elf:1:    eino_elf_arrival_altar, layout_loops_corners, basic_altar,
          serial_shops, shop, hangedman_elf_represent, hangedman_elven_ridges,
          minmay_shop_grove, uniq_frances

Skill      XL: |  1  2  3  4  5  6  7  8  9 10 11 12 13 14 15 |
---------------+----------------------------------------------+-----
Fighting       | 3 4 5 6 7 9 11 12 14 15 16 18 19 | 19.4
Dodging        | 3 4 5 6 8 9 11 12 13 14 | 14.6
Stealth        | 2 |  2.0
Fire Magic     | 5 9 11 13 | 13.9
Long Blades    | 2 |  2.6
Spellcasting   | |  2.6

Action                   |  1- 3 |  4- 6 |  7- 9 | 10-12 | 13-15 | 16-18 || total
-------------------------+-------+-------+-------+-------+-------+-------++-------
Melee: Long sword        |    32 |    43 |    86 |       |       |       ||   161
       Unarmed           |    19 |    35 |    74 |   176 |   173 |       ||   477
       Tailslap          |     5 |     7 |    52 |   133 |   314 |    15 ||   526
       Quarterstaff      |       |       |   114 |   239 |       |       ||   353
       Dagger            |       |       |       |   210 |  1046 |    46 ||  1302
       Staff             |       |       |       |       |   636 |    37 ||   673
 Cast: Flame Tongue      |     6 |    47 |       |       |     2 |       ||    55
       Foxfire           |       |       |       |     1 |    51 |       ||    52
       Searing Ray       |       |       |       |       |     6 |     1 ||     7
       Fireball          |       |       |       |       |    80 |    31 ||   111
 Abil: Breathe Dart      |       |     3 |       |       |       |       ||     3
       Breathe Fire      |       |       |    12 |    25 |    85 |    11 ||   133
       Breathe Frost     |       |       |     1 |     1 |     4 |       ||     6
       Breathe Noxious F |       |       |     7 |    19 |    60 |       ||    86
Evoke: Wand              |       |       |       |       |    19 |       ||    19
  Use: Potion            |     1 |       |       |     5 |     5 |     1 ||    12
       Scroll            |       |       |       |     3 |     8 |     1 ||    12
 Stab: Sleeping          |     3 |       |     5 |     6 |    14 |       ||    28
       Confused          |       |       |     9 |    34 |    80 |       ||   123
       Distracted        |       |       |     1 |     1 |     2 |       ||     4
       Petrifying        |       |       |       |     1 |       |       ||     1
  Eat: Chunk             |       |     3 |    12 |    25 |    81 |    14 ||   135
       Ration            |       |       |       |       |     6 |       ||     6
Armor: Skin              |     4 |    20 |    44 |   113 |   554 |    62 ||   797
Dodge: Dodged            |    24 |    81 |   158 |   539 |  2146 |   152 ||  3100
Block: Other             |       |       |       |       |   225 |    20 ||   245
       Rpst.: Long sword |     8 |    21 |    26 |       |       |       ||    55
       Unarmed           |     8 |    26 |    26 |       |       |       ||    60
